[Event "EICC 2025"]
[Site "Eforie-Nord"]
[Date "2025.03.16"]
[Round "2.34"]
[White "Shilon Rahav, Eliran"]
[Black "Samadov, Read"]
[Result "0-1"]
[Annotator "ChessBase"]
[ECO "B50"]
[WhiteElo "2040"]
[BlackElo "2502"]
[PlyCount "54"]
[EventDate "2025.03.14"]
[EventType "swiss"]
[EventCountry "ROU"]
[SourceTitle "playchess.com"]
[Source "ChessBase"]
[SourceQuality "1"]
[TimeControl "40/5400+30:1800+30"]

1. e4 c5 2. Nf3 d6 3. Nc3 a6 4. g3 g6 5. d4 cxd4 6. Qxd4 Nf6 7. e5 Nc6 8. Qa4 Ng4 9. Bg2 Ngxe5 10. Nxe5 dxe5 11. Be3 Bg7 12. Nd5 Bh3 13. Be4 O-O 14. O-O-O Nd4 15. c3 Bf5 16. f3 e6 17. Nb4 Qc7 18. Nc2 Bxe4 19. fxe4 b5 20. Qa3 Nxc2 21. Kxc2 Qb7 22. Rd3 Rfd8 23. Rhd1 Rxd3 24. Rxd3 Qxe4 25. Kd2 Qg2+ 26. Kc1 Qe2 27. c4 e4 0-1

[Event "EICC 2025"]
[Site "Eforie-Nord"]
[Date "2025.03.16"]
[Round "2.35"]
[White "Godena, Michele"]
[Black "Gumularz, Szymon"]
[Result "1/2-1/2"]
[Annotator "TA"]
[ECO "C07"]
[WhiteElo "2439"]
[BlackElo "2591"]
[PlyCount "44"]
[EventDate "2025.03.14"]
[EventType "swiss"]
[EventCountry "ROU"]
[SourceTitle "playchess.com"]
[Source "ChessBase"]
[SourceQuality "1"]
[TimeControl "40/5400+30:1800+30"]

1. e4 e6 2. d4 d5 3. Nd2 c5 4. Ngf3 cxd4 5. Nxd4 Nc6 6. Bb5 Bd7 7. Nxc6 bxc6 8. Bd3 Qc7 9. O-O Bd6 10. h3 {[%emt 0:00:30] C07: French Tarrasch: 3...c5, 4 Ngf3 and 4 exd5 Qxd5.} Nf6 11. c4 dxe4 $146 ({Predecessor:} 11... O-O 12. Qc2 dxe4 13. Bxe4 Rab8 14. b3 Be5 15. Bb2 Bxb2 16. Qxb2 c5 17. Rad1 a5 {½-½ Godena,M (2439)-Kotsur,P (2478) WchT Seniors 50 2025 (5.2)}) 12. Bxe4 Rd8 13. Bf3 O-O 14. Re1 c5 15. Qe2 a5 16. b3 Bc6 17. Bxc6 Qxc6 18. Bb2 Be7 19. Nf3 a4 20. Ne5 Qb7 21. Rab1 axb3 22. axb3 (22. Bc3 $14) 22... Ra8 {[%emt 0:13:34] Weighted Error Value: White=0.10 (very precise) /Black=0.15 (very precise)   Mistake:       	White=1     	---        Inaccurate:     	White=1     	Black=2      OK:         	White=6     	Black=5} 1/2-1/2

[Event "EICC 2025"]
[Site "Eforie-Nord"]
[Date "2025.03.16"]
[Round "2.35"]
[White "Portariuc, Gheorghe"]
[Black "Girel, Joseph"]
[Result "0-1"]
[Annotator "ChessBase"]
[ECO "B22"]
[WhiteElo "1530"]
[BlackElo "2498"]
[PlyCount "78"]
[EventDate "2025.03.14"]
[EventType "swiss"]
[EventCountry "ROU"]
[SourceTitle "playchess.com"]
[Source "ChessBase"]
[SourceQuality "1"]
[TimeControl "40/5400+30:1800+30"]

1. e4 c5 2. c3 d5 3. exd5 Qxd5 4. d3 Nc6 5. h3 g6 6. Bf4 Bg7 7. Nf3 Nf6 8. Be2 Bf5 9. Na3 Rd8 10. O-O O-O 11. Ne1 e5 12. Be3 b6 13. Bf3 Qd7 14. Be2 Nd5 15. Qd2 Rfe8 16. Rd1 Qc8 17. Qc1 Nxe3 18. Qxe3 e4 19. Qg5 exd3 20. Bxd3 Rxe1 21. Rfxe1 Rxd3 22. Rxd3 Bxd3 23. Qe3 Bf5 24. Nb5 Be6 25. a3 Qd7 26. a4 Ne5 27. Qg3 a6 28. Na3 Qd5 29. Nb1 h5 30. f4 Nd3 31. Rd1 c4 32. b3 Qc5+ 33. Kh2 Nxf4 34. b4 Qf5 35. Qf3 Be5 36. Kg1 Bd5 37. Qf2 Bxg2 38. Qxb6 Nxh3+ 39. Kxg2 Qg4+ 0-1

[Event "EICC 2025"]
[Site "Eforie-Nord"]
[Date "2025.03.16"]
[Round "2.36"]
[White "Huschenbeth, Niclas"]
[Black "Talibov, Shiroghlan"]
[Result "1-0"]
[Annotator "TA"]
[ECO "B95"]
[WhiteElo "2589"]
[BlackElo "2428"]
[PlyCount "63"]
[EventDate "2025.03.14"]
[EventType "swiss"]
[EventCountry "ROU"]
[SourceTitle "playchess.com"]
[Source "ChessBase"]
[SourceQuality "1"]
[TimeControl "40/5400+30:1800+30"]

1. e4 c5 2. Nf3 d6 3. d4 cxd4 4. Nxd4 Nf6 5. Nc3 a6 6. Bg5 e6 7. Qf3 Nbd7 8. O-O-O Qc7 9. Kb1 {[%emt 0:00:30] B95: Sicilian Najdorf: 6 Bg5 e6, unusual White 7th moves.} Be7 10. g4 b5 11. Bxf6 {[%emt 0:00:30] The position is equal.} Nxf6 12. g5 Nd7 13. a3 ({Better is} 13. Bg2 $11) 13... Rb8 $15 (13... Bxg5 $2 14. Ndxb5 (14. Qh5 Qc5 $18) 14... axb5 15. Nxb5 $18) 14. h4 $146 (14. Rg1 b4 15. axb4 Rxb4 16. Na2 Rb6 17. b3 Bb7 18. Qe3 Nc5 19. Bg2 O-O 20. h4 {0-1 Nguyen,T (2160)-Colovic,A (2360) Budapest FS12 IM-A 1997 (11)}) 14... O-O 15. Qe3 Qc5 16. f4 Nb6 17. Rh3 g6 {[%emt 0:00:30] [#]} (17... e5 $14 18. Nf5 Bxf5 19. exf5 Rfd8) 18. e5 {[%emt 0:00:30] White is more active.} (18. Qf3 $1 $16) 18... dxe5 $11 19. fxe5 Rd8 $2 (19... Nc4 $11 20. Bxc4 bxc4) 20. h5 $16 Rb7 $2 {[%emt 0:00:30][%mdl 8192] Loses the game.} (20... Bb7 $16) 21. Qf4 $18 Nd5 22. Nxd5 Qxd5 23. Be2 Qg2 24. Rg3 Qh2 ({But not} 24... Rxd4 25. Qxd4 Qxe2 (25... Qxg3 $2 {perishes.} 26. Qd8+ Bf8 27. Qxc8 $18) 26. Qd8+ Bf8 (26... Bxd8 27. Rxd8+ Kg7 28. h6#) 27. hxg6 fxg6 (27... hxg6 $2 28. Rh1 $18) 28. Rgg1) 25. Bf3 {[%emt 0:00:30] Hoping for c3.} Rbd7 $2 {[%emt 0:00:30] [#]} (25... Rxd4 26. Rxd4 Rd7 27. hxg6 hxg6 28. Rxd7 Bxd7) 26. c3 $1 {[%emt 0:00:30] White is clearly winning.} ({Don't go for} 26. Rd2 $2 Rxd4 $19) 26... Bc5 27. Rd2 Qxd2 28. Qxd2 Bxd4 29. cxd4 Rxd4 30. Qa5 gxh5 31. Bxh5 Bb7 32. Bf3 {[%emt 0:00:30] Weighted Error Value: White=0.22 (precise) /Black=0.61  Loses game:     	---       	Black=1      Mistake:       	White=2     	Black=3      Inaccurate:     	White=1     	Black=2      OK:         	White=7     	Black=6      Best:        	White=1     	Black=2      Strong:       	White=1     	---} 1-0

[Event "EICC 2025"]
[Site "Eforie-Nord"]
[Date "2025.03.16"]
[Round "2.36"]
[White "Brunello, Sabino"]
[Black "Kossobudzki, Robert"]
[Result "1-0"]
[Annotator "ChessBase"]
[ECO "D37"]
[WhiteElo "2494"]
[BlackElo "1954"]
[PlyCount "71"]
[EventDate "2025.03.14"]
[EventType "swiss"]
[EventCountry "ROU"]
[SourceTitle "playchess.com"]
[Source "ChessBase"]
[SourceQuality "1"]
[TimeControl "40/5400+30:1800+30"]

1. d4 Nf6 2. c4 e6 3. Nf3 d5 4. Nc3 Be7 5. Bf4 O-O 6. e3 c5 7. Rc1 cxd4 8. Nxd4 Nbd7 9. Bg3 Nb6 10. cxd5 Nbxd5 11. Bd3 Nxc3 12. bxc3 Qa5 13. O-O Rd8 14. Qc2 Bd7 15. Nb3 Qa4 16. Bc7 Rdc8 17. Be5 Qh4 18. c4 b6 19. Nd4 b5 20. Qe2 b4 21. Rfd1 Ba4 22. Rd2 a5 23. f4 Ng4 24. g3 Qh3 25. Be4 Ra7 26. Nf3 f5 27. Bb1 Bc6 28. Bd4 Rd7 29. e4 Rcd8 30. Rcd1 Rxd4 31. Nxd4 Bc5 32. exf5 e5 33. fxe5 Nxe5 34. Be4 Nf3+ 35. Qxf3 Qh6 36. Bxc6 1-0

[Event "EICC 2025"]
[Site "Eforie-Nord"]
[Date "2025.03.16"]
[Round "2.37"]
[White "Deac, Bogdan-Daniel"]
[Black "Volcov, Igor"]
[Result "1-0"]
[Annotator "TA"]
[ECO "D04"]
[WhiteElo "2692"]
[BlackElo "1943"]
[PlyCount "63"]
[EventDate "2025.03.14"]
[EventType "swiss"]
[EventCountry "ROU"]
[SourceTitle "playchess.com"]
[Source "ChessBase"]
[SourceQuality "1"]
[TimeControl "40/5400+30:1800+30"]

1. Nf3 d5 2. e3 Nf6 3. d4 Bf5 4. Nh4 Bg4 5. Qd3 Nbd7 $146 (5... c5 $15 6. Qb5+ Qd7) (5... c6 6. h3 Be6 7. Nd2 g6 8. Be2 Bg7 9. O-O O-O 10. f4 c5 11. c3 Qc7 {1-0 Jussupow,A (2611)-Laurusas,T (2413) EU-ch rapid Warsaw 2012 (5)}) 6. h3 {[%emt 0:01:13] D04: Colle System.} Be6 7. Nc3 g6 8. g4 {[%emt 0:09:18] The position is equal.} Nb6 9. Bg2 Bg7 10. a4 a5 11. b3 O-O 12. Ba3 Nfd7 (12... c6 $14 {should be considered.}) 13. f4 $16 {[%emt 0:05:04] White is more active.} f5 (13... c6 $16) 14. gxf5 Bxf5 15. Nxf5 (15. Bxd5+ $2 Nxd5 16. Nxf5 Rxf5 $19) 15... Rxf5 16. O-O-O Rc8 (16... e6 $16 17. h4 Bf8) 17. Kb1 c5 18. Nb5 (18. h4 $18) 18... cxd4 (18... c4 $16 19. Qd2 Rf7) 19. Nxd4 $18 Rf6 20. Qb5 Nb8 (20... Kh8 {keeps fighting.}) 21. h4 Nc6 22. Bb2 Qc7 $2 {[%emt 0:04:11] Black cannot hold the game after this.} (22... Nxd4 $16 {is tougher.} 23. Bxd4 Qc7 24. Bxd5+ (24. Qxa5 $2 {is the wrong capture.} Qxc2+ 25. Ka1 Qxg2 $19) 24... Nxd5 25. Qxd5+ Kh8) 23. Bxd5+ {[%emt 0:00:22] A strong pair of Bishops.} Kh8 24. Bxc6 bxc6 25. Qxa5 Rd6 26. h5 {[%emt 0:00:44] and hxg6 should not be overlooked} Rcd8 27. hxg6 h6 {[%emt 0:00:08] [#]} 28. Rxh6+ $3 Kg8 29. Rh7 {[%emt 0:00:36][%cal Oh7g7] White threatens Rxg7+! and mate.} Rxg6 30. Qh5 Rg2 31. Rh1 Qd7 {[%emt 0:00:37] [#]} 32. Rh8+ $1 {[%emt 0:00:09] Weighted Error Value: White=0.22 (precise) /Black=1.17  Loses game:     	---       	Black=1      Mistake:       	White=1     	Black=5      Inaccurate:     	White=1     	Black=2      OK:         	White=7     	Black=4      Best:        	White=2     	---} 1-0

[Event "EICC 2025"]
[Site "Eforie-Nord"]
[Date "2025.03.16"]
[Round "2.37"]
[White "Culum, Sanjin"]
[Black "Petrov, Nikita"]
[Result "1/2-1/2"]
[Annotator "TA"]
[ECO "C70"]
[WhiteElo "2437"]
[BlackElo "2588"]
[PlyCount "38"]
[EventDate "2025.03.14"]
[EventType "swiss"]
[EventCountry "ROU"]
[SourceTitle "playchess.com"]
[Source "ChessBase"]
[SourceQuality "1"]
[TimeControl "40/5400+30:1800+30"]

1. e4 e5 2. Nf3 Nc6 3. Bb5 a6 4. Ba4 Nge7 5. c3 Ng6 6. d4 {[%emt 0:08:44] C70: Ruy Lopez: 3...a6 4 Ba4, Norwegian and Delayed Schliemann.} exd4 7. cxd4 Bb4+ 8. Nc3 d5 9. exd5 Bxc3+ 10. bxc3 Qxd5 {[%emt 0:00:08] White is slightly better.} 11. O-O {[%emt 0:00:17][%cal Oc3c4] [#] Hoping for c4!.} O-O 12. Bb3 Qh5 13. Ng5 {[%emt 0:00:53] Weighted Error Value: White=0.00 (flawless) /Black=0.00 (flawless)   OK:         	White=3     	Black=5      Best:        	---       	Black=2} Qxd1 $146 14. Rxd1 h6 15. Ne4 Na5 16. c4 Nxb3 17. axb3 Bf5 18. f3 Rfe8 19. Re1 Rad8 {1-0 Karthikeyan,M (2627)-Vokhidov,S (2643) Crunchlab PlayIn Match D2 rapid 2024 (1.2)} 1/2-1/2

[Event "EICC 2025"]
[Site "Eforie-Nord"]
[Date "2025.03.16"]
[Round "2.38"]
[White "Cheparinov, Ivan"]
[Black "Kistrup, Nicolai"]
[Result "1-0"]
[Annotator "TA"]
[ECO "A07"]
[WhiteElo "2646"]
[BlackElo "2356"]
[PlyCount "77"]
[EventDate "2025.03.14"]
[EventType "swiss"]
[EventCountry "ROU"]
[SourceTitle "playchess.com"]
[Source "ChessBase"]
[SourceQuality "1"]
[TimeControl "40/5400+30:1800+30"]

1. Nf3 Nf6 2. b3 d5 3. Bb2 Bf5 4. g3 e6 5. Bg2 Be7 6. d3 h6 7. O-O O-O 8. Nbd2 a5 9. a3 $1 {[%emt 0:00:38] 9.a3 scores better than 9.a4. A07: Réti Opening: New York and Capablanca Systems.} Bh7 10. Re1 Na6 11. e4 {[%emt 0:03:25] The position is equal.} Re8 12. Ne5 c6 13. exd5 cxd5 14. Ndf3 Qb6 $146 (14... Nc5 15. Qd2 Nfd7 16. Qf4 Nxe5 17. Nxe5 Bf6 18. Bd4 Rc8 19. Rad1 Qd6 20. b4 axb4 21. axb4 {0-1 Yudin,S (2526)-Askarov,B (2428) Almaty op 2018 (9)}) 15. Bh3 Bc5 16. Re2 Nb8 17. Qd2 Nbd7 18. Qf4 Bd6 19. g4 (19. Rae1 Qc7 20. Qh4 Nxe5 21. Nxe5 Rac8 22. Qa4) 19... Qd8 20. g5 hxg5 21. Qxg5 Nxe5 22. Nxe5 Bf8 23. Qf4 Qe7 24. Kh1 Nd7 25. Rg1 (25. Nf3 {simplifies} Qd6 26. Qd4 e5 27. Qh4) 25... Qf6 26. Qg3 Nxe5 27. Bxe5 Qh6 28. a4 Rac8 29. Bg4 Qg5 (29... Bg6 $11) 30. h4 $1 $36 {[%emt 0:00:36][%mdl 2048] White is pushing.} Qe7 (30... Qh6 $14) 31. Bh3 (31. f4 $18) 31... f6 $16 32. Bb2 {[%emt 0:00:46] White is more active.} Qf7 {[%emt 0:00:26] [#]} 33. Qf3 {[%emt 0:00:28] Repels Bf5} ({White should play} 33. f4 $1 $16) 33... Kh8 (33... Bg6 $1 $11 {remains equal.}) 34. Bg4 {[%emt 0:00:57] Bh5 is the strong threat.} e5 $2 35. Bxc8 $18 Rxc8 36. Bxe5 Re8 $2 {[%emt 0:00:34] [#]} (36... Qd7 37. Bd4 Qf5) 37. Bxf6 $1 {[%emt 0:01:45] White is clearly winning.} Rxe2 (37... Bg8 38. Rxe8) 38. Bxg7+ Qxg7 39. Rxg7 {[%emt 0:00:04] Weighted Error Value: White=0.13 (very precise) /Black=0.58  Loses game:     	---       	Black=1      Mistake:       	White=2     	Black=4      Inaccurate:     	White=1     	Black=1      OK:         	White=8     	Black=9      Best:        	White=2     	Black=1      Strong:       	White=1     	---        Brilliant:      	White=1     	---} 1-0

[Event "EICC 2025"]
[Site "Eforie-Nord"]
[Date "2025.03.16"]
[Round "2.38"]
[White "Andersen, Mads"]
[Black "Dotzer, Lukas"]
[Result "1/2-1/2"]
[Annotator "TA"]
[ECO "E49"]
[WhiteElo "2585"]
[BlackElo "2425"]
[PlyCount "63"]
[EventDate "2025.03.14"]
[EventType "swiss"]
[EventCountry "ROU"]
[SourceTitle "playchess.com"]
[Source "ChessBase"]
[SourceQuality "1"]
[TimeControl "40/5400+30:1800+30"]

1. d4 Nf6 2. c4 e6 3. Nc3 Bb4 4. e3 O-O 5. Bd3 d5 6. a3 Bxc3+ 7. bxc3 dxc4 8. Bxc4 c5 9. Ne2 Qc7 10. Bd3 Nc6 11. O-O {[%emt 0:00:55] E49: Nimzo-Indian: Rubinstein: 5 Bd3 d5 6 a3 Bxc3+ 7 bxc3.} e5 12. e4 cxd4 13. cxd4 {[%emt 0:00:15] White sacrificed a pawn} Nxd4 14. Nxd4 exd4 15. Bd2 Ng4 {[%emt 0:03:56][%csl Gg4][%cal Rc7h2] [#]} 16. f4 Ne3 17. Qc1 Qxc1 18. Rfxc1 Bd7 19. Kf2 Rac8 $146 (19... Bc6 20. Bxe3 dxe3+ 21. Kxe3 Rad8 22. g3 Rd7 23. Rab1 Rfd8 24. Rc3 g6 25. g4 h6 {½-½ Tomashevsky,E (2702)-Sadhwani,R (2622) Abu Dhabi op 28th 2022 (3)}) 20. Rab1 (20. Bxe3 {simplifies} dxe3+ 21. Kxe3 Rfe8 22. Rxc8 Rxc8 23. a4) 20... Rxc1 21. Bxc1 Bc6 22. Bxe3 dxe3+ 23. Kxe3 $11 {[%emt 0:00:09][%mdl 4096] Endgame KRB-KRB} Re8 24. g4 f6 25. h4 Kf7 26. Rb4 Rd8 27. Bc2 Ke7 {[%emt 0:05:35] The position is equal.} 28. Rc4 Rc8 29. e5 fxe5 30. fxe5 Bd7 31. Rxc8 Bxc8 32. g5 {[%emt 0:03:32] A balanced but interesting game.   Weighted Error Value: White=0.03 (flawless) /Black=0.03 (flawless)   OK:         	White=7     	Black=13     Best:        	White=1     	---} 1/2-1/2

[Event "EICC 2025"]
[Site "Eforie-Nord"]
[Date "2025.03.16"]
[Round "2.39"]
[White "Svane, Rasmus"]
[Black "Yeritsyan, Hayk"]
[Result "1-0"]
[Annotator "TA"]
[ECO "D35"]
[WhiteElo "2627"]
[BlackElo "2323"]
[PlyCount "55"]
[EventDate "2025.03.14"]
[EventType "swiss"]
[EventCountry "ROU"]
[SourceTitle "playchess.com"]
[Source "ChessBase"]
[SourceQuality "1"]
[TimeControl "40/5400+30:1800+30"]

1. d4 Nf6 2. c4 e6 3. Nc3 d5 4. cxd5 exd5 5. Bg5 c6 6. e3 h6 7. Bh4 Be7 8. Bd3 O-O 9. Nge2 {[%emt 0:00:23] 9.Bg3 is the modern continuation. D35: Queen's Gambit Declined: Exchange Variation.} Re8 10. O-O a5 11. h3 {[%emt 0:09:46] The position is equal.} Nh5 12. Bxe7 Qxe7 13. Qd2 Nd7 14. Rae1 b5 $146 (14... Nf8 $11 {remains equal.}) (14... Nb6 15. Nf4 Nf6 16. b3 Bd7 17. Rc1 Nc8 18. Na4 Nd6 19. Nb6 Nde4 20. Qb2 Rad8 21. Nxd7 Rxd7 {½-½ Grischuk,A (2732)-Kramnik,V (2753) Moscow CC Levitov Blitz m 2024 (8)}) 15. e4 $16 b4 {[%emt 0:13:51] [#]} 16. exd5 $1 {[%emt 0:03:30] and Nf4 should not be overlooked. White plays in the center} bxc3 (16... Bb7 $16) 17. Nxc3 $18 Qd8 18. Rxe8+ (18. dxc6 Rxe1 19. Rxe1 Nhf6 20. cxd7 Bxd7) 18... Qxe8 19. dxc6 {[%emt 0:03:45][%csl Oc6][%cal Of1e1] White has a strong passed pawn} Nf8 (19... Nb6) 20. d5 {[%emt 0:03:37][%mdl 1024] White has strong compensation.} Qe5 21. Re1 Qd6 {[%emt 0:02:22] Black is weak on the light squares} (21... Qc7 {was necessary.} 22. d6 Qxc6) 22. Re8 Rb8 (22... Bb7) 23. Nb5 {[%emt 0:04:55] White is clearly winning.} Qf6 24. Qc2 Bf5 25. Rxb8 Bxd3 26. Qxd3 Nf4 {[%emt 0:00:04] [#]} 27. Rxf8+ $1 Kxf8 28. c7 {[%emt 0:00:20] Weighted Error Value: White=0.01 (flawless) /Black=1.93  Mistake:       	---       	Black=5      Inaccurate:     	---       	Black=1      OK:         	White=8     	Black=3      Best:        	White=1     	---        Strong:       	White=1     	---} 1-0

[Event "EICC 2025"]
[Site "Eforie-Nord"]
[Date "2025.03.16"]
[Round "2.39"]
[White "Palczert, Matyas"]
[Black "Muradli, Mahammad"]
[Result "0-1"]
[Annotator "TA"]
[ECO "B90"]
[WhiteElo "2434"]
[BlackElo "2584"]
[PlyCount "104"]
[EventDate "2025.03.14"]
[EventType "swiss"]
[EventCountry "ROU"]
[SourceTitle "playchess.com"]
[Source "ChessBase"]
[SourceQuality "1"]
[TimeControl "40/5400+30:1800+30"]

1. e4 c5 2. Nf3 d6 3. d4 cxd4 4. Nxd4 Nf6 5. Nc3 a6 6. f3 e5 7. Nb3 Be6 8. Be3 Be7 9. Qd2 h5 10. Be2 Nbd7 {[%emt 0:00:22] B90: Sicilian Najdorf: Unusual White 6th moves, 6 Be3 Ng4 and 6 Be3 e5.} 11. Nd5 Bxd5 {[%emt 0:00:20] The modern move.} 12. exd5 Qc7 {[%emt 0:00:07] White is slightly better.} 13. Rc1 h4 14. c4 a5 15. Na1 Nh5 16. Nc2 $146 ({Predecessor:} 16. O-O O-O 17. Nc2 Qd8 18. Na3 f5 19. Nb5 h3 20. gxh3 f4 21. Bf2 e4 22. Bd4 {½-½ Pranav,A (2525)-Raja,R (2472) Sunway Formentera op 2nd 2023 (3)}) 16... Qd8 17. Na3 Nf4 18. Bf1 Nc5 19. Rg1 Qc8 20. g3 Nh5 (20... hxg3 $11 21. hxg3 Ng6) 21. g4 Nf4 22. Nb5 O-O 23. Kd1 Ra6 (23... Qd8 $1 $11) 24. Bxf4 $16 exf4 25. Qxf4 Bf6 26. b3 (26. Nxd6 $2 Qc7 27. Kc2 Rxd6 $19 (27... Qxd6 $2 28. Qxd6 Rxd6 29. g5 $19)) 26... Be5 27. Qd2 g6 28. Kc2 (28. Bh3 $16) 28... Bg7 29. Re1 Rb6 30. Kb1 (30. Qxa5 $2 Ra6 31. Qb4 Rxa2+ 32. Kd1 Qa8 $19 (32... Rxh2 $2 33. Re2 $19)) 30... a4 31. b4 Nb3 $1 $132 {[%emt 0:00:05][%mdl 2048] Black is not holding back} 32. Qd3 Nd4 $1 33. a3 {[%emt 0:07:25] [#]} (33. Nxd4 Qc5 34. Nc2 Rxb4+ (34... Qxg1 35. Qd2 $15) 35. Kc1 Rb2 $11) (33. Rc1 $11) 33... Rxb5 $1 $17 34. cxb5 Qd8 $2 (34... Nxb5 $17 {And now ...Nc3+ would win.} 35. Rc1 (35. Qxb5 $2 Qc3 $19) 35... Nc3+ 36. Rxc3 Bxc3 (36... Qxc3 37. Qxc3 Bxc3 38. Bb5 $14)) 35. g5 (35. Rg2 $1 $14) 35... Re8 $11 36. Rd1 {[%emt 0:01:32] [#]} (36. Rxe8+ $11 Qxe8 37. Qe4) 36... Re7 {[%emt 0:07:13] Black is more active.} (36... Nf5 $1 $17 37. Qd2 Ne3) 37. Rg4 Nf5 38. Re4 Rc7 $1 39. Rc1 {[%emt 0:00:29] Against Rc3} (39. Qd2 $14 {stays ahead.}) 39... Rxc1+ $17 40. Kxc1 Qxg5+ {[%emt 0:00:13] Black attacks} 41. Kd1 {[%emt 0:02:08] [#]} Qf6 $1 {[%emt 0:02:29][%mdl 1024] Black has strong compensation.} 42. Bh3 (42. Re8+ Kh7 43. Qd2 Qa1+ 44. Qc1 Qa2) (42. Qd2 $17) 42... Qa1+ $19 43. Ke2 {[%emt 0:03:10] Threatens to win with Bxf5.} Nd4+ 44. Kf2 Qh1 45. Bg2 Qxh2 46. f4 (46. Rxd4 Bxd4+ 47. Qxd4 h3) 46... Nf5 47. Qh3 Bd4+ 48. Rxd4 Qg3+ ({Better is} 48... Qxh3 $19 49. Bxh3 Nxd4) 49. Qxg3 $17 hxg3+ 50. Kf3 $2 (50. Kg1 $17 {keeps fighting.} Nxd4 51. Bf1) 50... Nxd4+ $19 51. Kxg3 Nxb5 52. Bf1 Nxa3 {[%emt 0:00:09] Weighted Error Value: White=0.37/Black=0.17 (very precise)   Loses game:     	White=1     	---        Mistake:       	White=6     	Black=5      Inaccurate:     	White=3     	Black=3      OK:         	White=15    	Black=15     Best:        	White=3     	Black=7      Strong:       	---       	Black=4      Brilliant:      	---       	Black=1} 0-1

[Event "EICC 2025"]
[Site "Eforie-Nord"]
[Date "2025.03.16"]
[Round "2.40"]
[White "Pyrih, Roman"]
[Black "Iturrizaga Bonelli, Eduardo"]
[Result "0-1"]
[Annotator "TA"]
[ECO "B12"]
[WhiteElo "2429"]
[BlackElo "2582"]
[PlyCount "80"]
[EventDate "2025.03.14"]
[EventType "swiss"]
[EventCountry "ROU"]
[SourceTitle "playchess.com"]
[Source "ChessBase"]
[SourceQuality "1"]
[TimeControl "40/5400+30:1800+30"]

1. e4 c6 2. d4 d5 3. e5 Bf5 4. Nf3 e6 5. Be2 Nd7 6. O-O a5 {[%emt 0:00:02] B12: Caro-Kann: Advance Variation.} 7. a4 f6 8. c3 fxe5 {[%emt 0:16:14] The position is equal.} 9. dxe5 Bc5 10. Nbd2 Ne7 11. Nb3 $146 (11. Nd4 Nxe5 12. g4 Bg6 13. Nxe6 Qd6 14. Nxc5 Qxc5 15. Nb3 Qb6 16. Bg5 Rf8 17. Nd4 {1-0 Bulmaga,I (2406)-Hoanca,A (1962) ROM-chT (Women) 2024 (5.1)}) 11... Ba7 12. Nbd4 O-O {[%emt 0:16:47] [#]} 13. g4 Bxg4 $15 {[%emt 0:03:43][%csl Of2,Oh2] White has weak pawns} 14. Ng5 Bxe2 15. Qxe2 Bxd4 16. Qh5 $1 (16. Nxe6 $2 Rxf2 17. Rxf2 Bxf2+ 18. Qxf2 Qc8 $19) 16... h6 ({And not} 16... Bxe5 17. Qxh7#) 17. Nxe6 Qe8 ({Wrong is} 17... Rf5 $2 18. Qg4 Bxe5 (18... Bxf2+ $2 19. Rxf2 $18) 19. Nxd8 $18) (17... Rxf2 $5 18. Nxd8 Rf5+ 19. cxd4 Rxh5 20. Nxb7 Nf5 $15) 18. Qxe8 Rfxe8 19. cxd4 Rac8 {[%emt 0:06:22] Prevents Nc7} 20. Nf4 Nf5 $36 {[%emt 0:03:38][%mdl 2048] Black has the initiative.} 21. Rd1 c5 22. e6 Nf8 {[%emt 0:04:32] Excellent horsemanship.} 23. dxc5 Nxe6 24. Nxd5 Nxc5 25. Be3 Nxe3 26. fxe3 {[%emt 0:01:07] White is now going downhill.} (26. Nxe3 $15 Rf8 27. Rf1) 26... Rc6 $17 27. h3 (27. h4 $17) 27... Re5 28. Kg2 (28. Kf1 $142) 28... Nb3 29. Ra2 (29. Ra3 $142 Rc2+ 30. Kg3 Rxb2 31. h4) 29... Rc2+ $19 30. Kg3 Nd2 31. Nf4 $2 (31. e4) 31... Ne4+ 32. Kf3 Rf2+ 33. Kg4 Rg5+ (33... h5+ $142 34. Kh4 g5+ 35. Kxh5 gxf4+ 36. Kh6 Re6+ (36... fxe3 37. Rd8+ Kf7 38. Rd7+ Kf8 39. Rd8+ Ke7 40. b3 Kxd8 41. Rxf2 exf2 42. Kg7 f1=Q 43. h4 Qf6+ 44. Kh7 Rh5+ 45. Kg8 Rh8#) 37. Kh5 Re5+ (37... fxe3 $2 38. Rd8+ Kf7 39. Rd7+ Kf6 40. Kg4 $19)) 34. Kh4 Nd2 35. Rxd2 Rxd2 {[%emt 0:00:04] KRR-KRN} 36. Ra3 Rg1 {[%emt 0:00:44] [#] Threatens to win with ...g5+.} 37. Ne6 Rd5 38. Rc3 {[%emt 0:00:31] Black mates.} Re5 39. Rc8+ Kf7 40. Nc5 Kg6 {[%emt 0:00:25] Weighted Error Value: White=0.66/Black=0.23 (precise)   Mistake:       	White=6     	---        Inaccurate:     	White=2     	Black=1      OK:         	White=7     	Black=14     Best:        	White=3     	Black=4      Strong:       	White=1     	---} 0-1